 Dungeon Crawl Stone Soup version 0.28-a0-472-g50180c0d78 (webtiles) character file.

Game seed: 5217847019654095256

37 Morbidden the Conjurer (level 3, -1/26 HPs)
             Began as a Demigod Conjurer on Sept 15, 2021.
             Slain by a gnoll (6 damage)
             ... on level 2 of the Dungeon.
             The game lasted 00:02:34 (2186 turns).

Morbidden the Conjurer (Demigod Conjurer)           Turns: 2186, Time: 00:02:34

Health: -1/26      AC:  2    Str:  8    XL:     3   Next: 7%
Magic:  3/8        EV: 12    Int: 24    God:
Gold:   51         SH:  0    Dex: 12    Spells: 3/6 levels left

rFire   . . .      SeeInvis .   f - +2 short sword (flame)
rCold   . . .      Faith    .   (no shield)
rNeg    . . .      Spirit   .   a - +0 robe
rPois   .          Reflect  .   (no helmet)
rElec   .          Harm     .   (no cloak)
rCorr   .          Rampage  .   (no gloves)
Will    .....                   (no boots)
Stlth   ++........              (no amulet)
HPRegen 0.08/turn               (no ring)
MPRegen 0.11/turn               (no ring)

@: invisible
A: high mp 1, forlorn
a: no special abilities


You were on level 2 of the Dungeon.
You visited 1 branch of the dungeon, and saw 2 of its levels.

You collected 51 gold pieces.

Inventory:

Hand Weapons
 f - a +2 short sword of flaming (weapon)
Armour
 a - a +0 robe (worn)
Scrolls
 c - 2 scrolls of identify {unknown}
 d - 2 scrolls of teleportation {unknown}
 h - 2 scrolls of enchant armour {unknown}
 i - a scroll of acquirement {unknown}
Potions
 g - a potion of might {unknown}


   Skills:
 * Level 0.2 Fighting
 + Level 1.8 Dodging
 + Level 2.0 Stealth
 * Level 2.0 Spellcasting
 * Level 4.3 Conjurations


You had 3 spell levels left.
You knew the following spells:

 Your Spells              Type           Power      Damage    Failure   Level
a - Magic Dart            Conj           92%        1d7       1%          1
b - Poisonous Vapours     Pois/Air       4%         N/A       19%         2

Your spell library contained the following spells:

 Spells                   Type           Power      Damage    Failure   Level
 Searing Ray              Conj           46%        2d6       3%          2
 Sting                    Tmut/Pois      8%         1d3       12%         1
 Dazzling Flash           Conj/Hex       24%        N/A       14%         3
 Fulminant Prism          Conj/Hex       6%         3d7       43%         4
 Iskenderun's Mystic Bla  Conj/Tloc      12%        2d5       43%         4
 Olgreb's Toxic Radiance  Pois           2%         N/A       75%         4


Dungeon Overview and Level Annotations

Branches:
Dungeon (2/15)


Innate Abilities, Weirdness & Mutations

Your attributes grow dramatically as you level up.
You have an increased reservoir of magic. (+10% MP)
You shall have no god before yourself.


Message History

The gnoll is moderately wounded.
The gnoll barely misses you.
Unknown command.
Unknown command.
Unknown command.
Your magical contamination has completely faded away.
Things that are here:
a +0 dagger; a goblin corpse
Casting: Magic Dart (safe; 1% risk of failure)
Confirm with . or Enter, or press ? or * to list all spells.
Aiming: Poisonous Vapours (safe; 19% risk of failure)
Press: ? - help, Dir - move target, f/p - gnoll
Aim: a gnoll, wielding a +0 vampiric whip (moderately wounded)
You miscast Poisonous Vapours.
You are very lightly contaminated with residual magic.
Nothing appears to happen.
The gnoll hits you with a +0 vampiric whip.
The gnoll draws strength from your wounds!
Unknown command.
You see here 19 arrows.
The gnoll completely misses you.
Your magical contamination has completely faded away.
Hit: f) +2 short sword (flame)
Press: ? - help, Dir - move target, f/p - gnoll
Aim: a gnoll, wielding a +0 vampiric whip (lightly wounded, about 35% to evade your +2 short sword of flaming)
You hit the gnoll but do no damage.
The gnoll is lightly wounded.
The gnoll hits you with a +0 vampiric whip.
* * * LOW HITPOINT WARNING * * *
Unknown command.
Okay, then.
There is a stone staircase leading up here.
It was a potion of curing.
You feel better.
The gnoll hits you with a +0 vampiric whip!
* * * LOW HITPOINT WARNING * * *
Unknown command.
It was a potion of invisibility.
You fade into invisibility!
The gnoll hits you with a +0 vampiric whip.
You die...

#.# ###.# #...#
#.#.# #.#.# ..#.#
###.######
........>#########
#####..........g@#
#.############ ##
#.# .# #.# .# #.#
.# #.# .# #.# .#
#.# .# #.#


You could see a gnoll.

Vanquished Creatures
  An adder (D:2)
  A ball python (D:1)
  2 giant cockroaches (D:1)
  2 goblins
  3 hobgoblins (D:1)
  6 kobolds
  A quokka (D:1)
  6 bats
  2 frilled lizards (D:1)
  3 rats (D:1)
27 creatures vanquished.

Notes
Turn   | Place    | Note
-------+----------+-------------------------------------------
     0 | D:1      | Morbidden the Demigod Conjurer began the quest for the Orb.
     0 | D:1      | Reached XP level 1. HP: 14/14 MP: 5/5
   558 | D:1      | Reached skill level 4 in Conjurations
   558 | D:1      | Reached XP level 2. HP: 16/20 MP: 0/7
  1654 | D:2      | Learned a level 2 spell: Poisonous Vapours
  1683 | D:2      | Noticed an ogre
  2072 | D:2      | Reached XP level 3. HP: 26/26 MP: 4/8
  2186 | D:2      | Slain by a gnoll

Illustrated notes

Levels and vault maps discovered:
D:1:      dpeg_arrival_houses_and_road, layout_basic, st_stairs_10
D:2:      layout_basic, minmay_pentomino_x2

Skill      XL: |  1  2 |
---------------+-------+-----
Conjurations   | 4 |  4.3
Stealth        | 2 |  2.0
Spellcasting   | 2 |  2.0
Fighting       | |  0.2
Dodging        | |  1.8

Action                   || total
-------------------------++-------
Melee: Unarmed           ||    33
       Short sword       ||    11
 Cast: Magic Dart        ||    53
       Poisonous Vapours ||     1
  Use: Potion            ||     2
 Stab: Sleeping          ||     2
Armor: Robe              ||    10
Dodge: Dodged            ||    43

Table legend: (Time is in decaauts)
 A = Elapsed time spent in this place.
 B = Non-inter-level travel time spent in this place.
 C = Inter-level travel time spent in this place.
 D = Time resting spent in this place.
 E = Time spent auto-exploring this place.
 F = Levels seen in this place.
 G = Mean time per level.
                   A        B        C        D        E       F      G
               +--------+--------+--------+--------+--------+-----+--------+
         Total |   2187 |   2139 |     48 |    272 |   1579 |   2 | 1093.5 |
       Dungeon |   2187 |   2139 |     48 |    272 |   1579 |   2 | 1093.5 |
               +--------+--------+--------+--------+--------+-----+--------+

Top non-repeatable levels by time:
     D:1: 1917 daAuts
     D:2: 269 daAuts
